 Seeded DCSS version 0.28-a0-1567-g1695149f81 (webtiles) character file.

Game seed: 7626 (custom seed)

620 knot the Chopper (level 7, -1/78 HPs)
             Began as a Demonspawn Berserker on Jan 20, 2022.
             Was a Priest of Trog.
             Slain by a troll (4 damage)
             ... on level 5 of the Dungeon.
             The game lasted 00:03:03 (4270 turns).

knot the Chopper (Demonspawn Berserker)             Turns: 4270, Time: 00:03:04

Health: -1/78      AC: 10    Str: 17    XL:     7   Next: 22%
Magic:  0/7        EV: 11    Int: 11    God:    Trog [***...]
Gold:   179        SH:  0    Dex: 12    Spells: 6/6 levels left

rFire   + . .      SeeInvis .   b - +0 broad axe
rCold   . . .      Faith    .   (no shield)
rNeg    . . .      Spirit   +   k - +1 ring mail {rF+}
rPois   .          Reflect  .   (no helmet)
rElec   .          Harm     .   (no cloak)
rCorr   .          Rampage  .   e - +1 pair of gloves {Stlth+}
Will    .....                   (no boots)
Stlth   ..........              j - amulet of guardian spirit
HPRegen 0.23/turn               (no ring)
MPRegen 0.10/turn               (no ring)

@: berserking (expiring), very quick
A: slimy green scales 1, powered by death 1
a: Renounce Religion, Berserk, Trog's Hand


You were on level 5 of the Dungeon.
You worshipped Trog.
Trog was most pleased with you.
You visited 1 branch of the dungeon, and saw 5 of its levels.

You collected 179 gold pieces.

Inventory:

Hand Weapons
 b - a +0 broad axe (weapon)
Missiles
 a - 7 boomerangs
 i - 155 stones (quivered)
Armour
 e - a +1 pair of gloves of stealth (worn)
 k - a +1 ring mail of fire resistance (worn)
Jewellery
 j - an amulet of guardian spirit (around neck)
 m - an amulet of magic regeneration
Wands
 o - a wand of polymorph (6)
 r - a wand of paralysis (11)
Scrolls
 c - a scroll of blinking {unknown}
 d - 3 scrolls of identify {unknown}
 f - a scroll of immolation {unknown}
 n - 2 scrolls of fog {unknown}
 s - 2 scrolls of enchant weapon {unknown}
 t - a scroll of brand weapon {unknown}
Potions
 g - 2 potions of brilliance
 h - 3 potions of heal wounds {unknown}
 l - 2 potions of invisibility {unknown}
 p - 2 potions of haste {unknown}
 q - a potion of berserk rage {unknown}
 u - 2 potions of cancellation {unknown}


   Skills:
 - Level 3.0 Fighting
 + Level 7.7 Axes
 - Level 1.7 Armour
 - Level 1.7 Dodging


You had 6 spell levels left.
You didn't know any spells.
Your spell library contained the following spells:

 Spells                   Type           Power      Damage    Failure   Level
 Magic Dart               Conj           0%         1d3       54%         1
 Blink                    Tloc           0%         N/A       67%         2
 Call Imp                 Summ           0%         N/A       67%         2
 Lesser Beckoning         Tloc           0%         N/A       88%         3
 Mephitic Cloud           Conj/Pois/Air  0%         N/A       88%         3
 Manifold Assault         Tloc           0%         N/A       100%        5
 Summon Forest            Summ/Tloc      0%         N/A       100%        5
 Eringya's Noxious Bog    Tmut/Pois      0%         N/A       100%        6
 Summon Hydra             Summ           0%         N/A       100%        7


Dungeon Overview and Level Annotations

Branches:
Dungeon (5/15)             Temple (0/1) D:5

Altars:
Xom

Shops:
D:3 ?


Innate Abilities, Weirdness & Mutations

You are partially covered in slimy green scales. (AC +2)
You regenerate a little health from kills.


Message History

The troll shouts!
You barely miss the hound. The hound closely misses you. x2
You barely miss the hound. The hound bites you but does no damage.
The hound pauses to sniff the ground.
The hound bites you but does no damage.
You closely miss the troll. You slash the hound! The hound closely misses you.
The troll bites you! The troll claws you. The troll misses you.
The hound bites you.
A red film seems to cover your vision as you go berserk!
You feel yourself moving faster!
You feel mighty! The hound barely misses you. The troll bites you!
The troll claws you. The troll barely misses you.
You barely miss the troll. You completely miss the hound. The hound bites you.
The troll bites you. The troll misses you. The troll completely misses you.
You slash the troll!
The troll is moderately wounded.
You hit the hound.
The hound pauses to sniff the ground.
The hound misses you. The hound closely misses you.
You barely miss the troll.
The troll is moderately wounded.
You slash the hound!
You kill the hound!
Trog accepts your kill. The troll bites you but does no damage.
The troll claws you. x2
You barely miss the troll.
The troll is moderately wounded.
The troll closely misses you. The troll claws you.
* * * LOW HITPOINT WARNING * * *
The troll claws you.
* * * LOW HITPOINT WARNING * * *
You closely miss the troll.
The troll is lightly wounded.
The troll barely misses you. The troll claws you!
* * * LOW HITPOINT WARNING * * *
The troll claws you.
* * * LOW HITPOINT WARNING * * *
You slice the troll!!
The troll is severely wounded.
The troll bites you.
You die...

###########
#.........#
#.........#
#.........#
#.........? ..#
#.........#
#....##T.........
#...@..##
######..# # ##.##
###. .. #..## .<.
..# ##..###.# #.##
##..#..####..#
#######...###.....
........#.........
....####........#


You could see a troll.

Vanquished Creatures
  A water moccasin (D:5)
  A black bear (D:4)
  A scorpion (D:4)
  A centaur zombie (D:3)
  A hound (D:5)
  4 orc wizards
  Natasha (twice) (D:3)
  5 adders
  A gnoll (D:1)
  An adder zombie (D:5)
  An adder skeleton (D:4)
  A worm (D:4)
  2 dart slugs
  9 orcs
  9 ball pythons
  6 endoplasms
  6 giant cockroaches
  5 hobgoblins
  2 jackals (D:4)
  10 kobolds
  6 quokkas
  4 bats
  A frilled lizard (D:2)
  6 rats
86 creatures vanquished.

Vanquished Creatures (others)
  4 plants (D:1)
4 creatures vanquished.

Grand Total: 90 creatures vanquished

Notes
Turn   | Place    | Note
-------+----------+-------------------------------------------
     0 | D:1      | knot the Demonspawn Berserker began the quest for the Orb.
     0 | D:1      | Reached XP level 1. HP: 18/18 MP: 1/1
    88 | D:1      | Reached skill level 3 in Axes
   370 | D:1      | Gained mutation: You regenerate a little health from kills.
                  | [demonic ancestry]
   370 | D:1      | Reached XP level 2. HP: 23/24 MP: 2/2
   820 | D:1      | Reached XP level 3. HP: 29/29 MP: 3/3
   948 | D:2      | Found a shimmering altar of Xom.
  1020 | D:2      | Found a faded altar of an unknown god.
  1091 | D:2      | Reached skill level 4 in Axes
  1125 | D:2      | Reached ** piety under Trog
  1924 | D:3      | Noticed Natasha
  1927 | D:3      | Gained mutation: You are partially covered in slimy green
                  | scales. (AC +2) [demonic ancestry]
  1927 | D:3      | Reached XP level 4. HP: 35/35 MP: 4/4
  1929 | D:3      | Killed Natasha
  1963 | D:3      | Found Goiked's Magic Scroll Shoppe.
  2043 | D:3      | Noticed Natasha
  2048 | D:3      | Killed Natasha
  2049 | D:3      | Reached skill level 5 in Axes
  2220 | D:3      | Reached XP level 5. HP: 41/41 MP: 5/5
  2779 | D:4      | Reached *** piety under Trog
  2894 | D:4      | Reached skill level 6 in Axes
  2917 | D:4      | Reached XP level 6. HP: 44/47 MP: 6/6
  3136 | D:4      | Reached skill level 7 in Axes
  4004 | D:5      | Entered Level 5 of the Dungeon
  4036 | D:5      | Noticed a water moccasin
  4043 | D:5      | Killed a water moccasin
  4044 | D:5      | Reached XP level 7. HP: 45/52 MP: 5/7
  4228 | D:5      | Found a staircase to the Ecumenical Temple.
  4257 | D:5      | Noticed a troll
  4269 | D:5      | HP: 3/78 [troll (6)]
  4270 | D:5      | Slain by a troll

Illustrated notes

Levels and vault maps discovered:
D:1:      saegor_arrival_simple_a, layout_rooms, roderic_lattice_a,
          nicolae_grassy_gnolls
D:2:      layout_loops_cross, chequers_ecumenical_altar_simple_redux,
          basic_altar, corexii_item_surrounded_by_moat
D:3:      layout_loops_ring, serial_shops, shop, serial_glass, glass_columns_a,
          glass_columns_b, feat_on_display, item_on_display_a,
          minmay_strange_pillars, item_on_display_a, uniq_natasha
D:4:      layout_basic
D:5:      layout_rooms, minmay_temple_entry_slanted,
          chequers_serial_rivers_micro_b, chequers_mini_garden,
          chequers_serial_rivers_micro_c

Skill      XL: |  1  2  3  4  5  6 |
---------------+-------------------+-----
Axes           | 3 4 5 6 7 |  7.7
Fighting       | |  3.0
Armour         | |  1.7
Dodging        | |  1.7

Action                   |  1- 3 |  4- 6 |  7- 9 || total
-------------------------+-------+-------+-------++-------
Melee: Hand axe          |    50 |       |       ||    50
       Broad axe         |    64 |   118 |    15 ||   197
       Punch             |     1 |     1 |       ||     2
Invok: Berserk           |     1 |     5 |     1 ||     7
 Stab: Sleeping          |     6 |     2 |       ||     8
Armor: Animal skin       |     8 |       |       ||     8
       Ring mail         |    46 |    81 |     5 ||   132
Dodge: Dodged            |    81 |    86 |    15 ||   182

Table legend: (Time is in decaauts)
 A = Elapsed time spent in this place.
 B = Non-inter-level travel time spent in this place.
 C = Inter-level travel time spent in this place.
 D = Time resting spent in this place.
 E = Time spent auto-exploring this place.
 F = Levels seen in this place.
 G = Mean time per level.
                   A        B        C        D        E       F      G
               +--------+--------+--------+--------+--------+-----+--------+
         Total |   4393 |   4249 |    144 |   1096 |   2513 |   5 |  878.6 |
       Dungeon |   4393 |   4249 |    144 |   1096 |   2513 |   5 |  878.6 |
               +--------+--------+--------+--------+--------+-----+--------+

Top non-repeatable levels by time:
     D:4: 1320 daAuts
     D:3: 1124 daAuts
     D:1: 958 daAuts
     D:2: 713 daAuts
     D:5: 275 daAuts
